Map: Voracity

Players

Wlodziu - Winner!

  • Race: Zerg Zerg
  • Spawn Location: 7:00

Iceberg - Winner!

  • Race: Protoss Protoss
  • Spawn Location: 7:00

Leon - Winner!

  • Race: Zerg Zerg
  • League: Gold
  • Spawn Location: 7:00

DoItLady

  • Race: Terran Terran
  • Spawn Location: 1:00

Skuff

  • Race: Protoss Protoss
  • Spawn Location: 1:00

Alazban

  • Race: Terran Terran
  • Spawn Location: 1:00

VOD

Have the link to the VOD?

Description

Time

  • Played on: March 22, 2026, 5:23 a.m.
  • Length: 8:44
Show
View Real Time Build Order
Export as new Build Order

Wlodziu Zerg - Winner!

Build Orders: Hatch First 

Get SALT Encoding   

  12  0:01  Drone  
  13  0:11  Drone  
  14  0:17  Extractor, Drone  
  15  0:22  Overlord  
  15  0:40  Drone x2  
  17  0:53  Drone  
  18  0:57  Extractor  
  18  1:00  Hatchery  
  16  1:10  Spawning Pool  
  15  1:14  Drone  
  15  1:16  Drone  
  17  1:20  Drone  
  18  1:43  Overlord  
  18  1:57  Queen  
  18  2:00  Zergling x2  
  18  2:01  Zergling x2  
  22  2:04  Drone  
  23  2:25  Queen  
  23  2:27  Drone x4  
  29  2:30  Metabolic Boost  
  29  2:39  Queen  
  31  2:49  Drone  
  31  2:50  Drone  
  33  2:52  Drone x2  
  35  3:04  Roach Warren  
  34  3:09  Extractor  
  34  3:11  Extractor  
  32  3:13  Drone x2  
  32  3:15  Overlord  
  34  3:32  Drone x2  
  36  3:39  Evolution Chamber  
  36  3:41  Evolution Chamber  
  34  3:43  Drone x5  
  34  3:44  Drone  
  34  3:48  Overlord  
  40  3:52  Roach  
  42  4:02  Extractor  
  41  4:05  Zerg Missile Weapons Level 1  
  41  4:06  Zerg Ground Armor Level 1  
  41  4:15  Drone x5  
  41  4:16  Drone  
  47  4:29  Spore Crawler  
  46  4:34  Spore Crawler  
  45  4:40  Drone x3  
  48  4:46  Lair  
  48  4:48  Roach x2  
  48  4:51  Overlord x2  
  52  5:13  Hatchery  
  51  5:18  Drone  
  51  5:19  Drone x6  
  58  5:28  Zergling x2  
  59  6:02  Zerg Missile Weapons Level 2  
  59  6:03  Zerg Ground Armor Level 2  
  59  6:04  Overlord x4  
  59  6:05  Pneumatized Carapace  
  59  6:12  Hydralisk Den  
  59  6:14  Infestation Pit  
  59  6:15  Roach x4  
  59  6:16  Roach  
  67  6:38  Drone x9  
  67  6:39  Drone x2  
  78  6:51  Hydralisk x3  
  78  6:54  Muscular Augments  
  84  7:06  Hydralisk x6  
  96  7:17  Overlord x2, Extractor  
  96  7:18  Overlord, Extractor  
  94  7:25  Glial Reconstitution  
  94  7:39  Hydralisk x7  
  94  7:41  Zergling x2  
  108  8:11  Hydralisk x9  
  121  8:13  Zergling x2  
Show
View Real Time Build Order
Export as new Build Order

Iceberg Protoss - Winner!

Build Orders:  

Get SALT Encoding   

  12  0:00  Probe  
  13  0:12  Probe  
  14  0:17  Pylon  
  14  0:26  Probe  
  15  0:34  Probe  
  16  0:43  Probe  
  17  0:55  Probe  
  18  1:07  Probe  
  18  1:10  Nexus  
  19  1:20  Probe  
  20  1:32  Probe  
  21  1:44  Probe  
  22  1:47  Nexus  
  22  1:54  Pylon  
  22  1:56  Probe  
  23  2:05  Gateway  
  23  2:12  Probe  
  23  2:13  Assimilator  
  24  2:21  Assimilator, Probe  
  24  2:24  Probe  
  24  2:29  Assimilator, Probe  
  26  2:35  Assimilator, Probe  
  27  2:39  Probe  
  27  2:43  Probe  
  30  2:52  Probe  
  30  2:54  Cybernetics Core  
  31  3:03  Probe  
  31  3:04  Probe  
  33  3:10  Probe  
  33  3:14  Probe  
  33  3:15  Probe  
  33  3:18  Probe  
  36  3:22  Probe  
  38  3:27  Probe  
  38  3:28  Probe  
  38  3:31  Stargate  
  40  3:35  Stargate  
  40  3:37  Probe  
  40  3:39  Pylon  
  40  3:40  Probe  
  40  3:41  Probe  
  43  3:46  Assimilator  
  43  3:49  Probe  
  43  3:50  Assimilator  
  43  3:53  Probe x2  
  46  4:01  Probe  
  47  4:05  Probe  
  47  4:06  Probe  
  49  4:15  Probe  
  50  4:17  Probe  
  50  4:23  Void Ray  
  59  4:26  Void Ray, Fleet Beacon  
  59  4:28  Probe  
  59  4:29  Probe  
  61  4:34  Probe  
  62  4:40  Probe  
  62  4:42  Probe  
  64  4:46  Probe  
  64  4:50  Cybernetics Core  
  65  4:53  Protoss Air Weapons Level 1  
  65  4:54  Forge  
  65  4:56  Probe x2  
  65  4:58  Probe  
  68  5:05  Flux Vanes, Pylon  
  68  5:08  Probe  
  68  5:11  Pylon  
  68  5:13  Pylon  
  69  5:20  Protoss Shields Level 1  
  69  5:23  Probe  
  69  5:27  Stargate  
  70  5:30  Stargate, Probe  
  70  5:31  Probe  
  70  5:32  Pylon  
  72  5:35  Probe  
  77  5:43  Void Ray  
  77  5:49  Void Ray  
  81  5:51  Probe x2  
  87  6:17  Void Ray  
  91  6:20  Void Ray, Nexus  
  91  6:23  Assimilator  
  91  6:24  Twilight Council  
  95  6:27  Assimilator  
  95  6:29  Void Ray  
  99  6:34  Void Ray  
  99  6:35  Pylon  
  99  6:36  Pylon x2  
  99  6:37  Pylon  
  99  6:38  Pylon  
  99  6:42  Protoss Air Armor Level 1  
  99  6:44  Probe  
  99  6:45  Probe  
  101  6:50  Pylon  
  101  6:53  Pylon, Probe  
  102  6:56  Pylon  
  102  6:58  Probe x2  
  104  7:05  Probe  
  113  7:08  Void Ray  
  113  7:09  Void Ray  
  117  7:20  Pylon x2, Void Ray  
  117  7:22  Pylon  
  117  7:24  Pylon  
  117  7:25  Pylon  
  121  7:30  Void Ray  
  121  7:44  Probe  
  121  7:45  Probe x3  
  129  7:56  Void Ray, Probe  
  129  7:57  Probe x2, Void Ray  
  140  8:04  Void Ray  
  140  8:12  Stargate  
  140  8:14  Stargate x2  
Show
View Real Time Build Order
Export as new Build Order

Leon Zerg - Winner!

Build Orders: Hatch First, Lurkers 

Get SALT Encoding   

  12  0:02  Drone  
  13  0:24  Overlord  
  13  0:26  Drone  
  14  0:42  Drone x2  
  16  0:46  Drone  
  17  0:59  Drone  
  17  1:02  Extractor  
  17  1:09  Hatchery  
  16  1:13  Drone  
  16  1:16  Spawning Pool  
  16  1:25  Drone  
  17  1:30  Drone  
  18  1:39  Drone  
  19  1:50  Drone  
  20  2:09  Zergling x2  
  20  2:12  Zergling x2  
  22  2:21  Overlord  
  22  2:22  Queen x2  
  26  2:32  Extractor  
  25  2:51  Drone x2  
  25  2:52  Drone x3  
  25  2:57  Drone  
  31  3:16  Lair  
  31  3:19  Metabolic Boost  
  31  3:21  Drone  
  31  3:22  Drone x3  
  35  3:28  Overlord  
  35  3:29  Overlord  
  35  3:41  Queen  
  35  3:42  Extractor  
  36  3:52  Drone x4  
  36  3:54  Drone, Hatchery  
  40  4:08  Drone x5  
  45  4:16  Zergling x8  
  49  4:25  Spore Crawler  
  48  4:39  Overlord  
  48  4:40  Overlord  
  49  4:45  Drone  
  49  4:46  Drone x3  
  49  4:47  Hydralisk Den  
  49  4:48  Spore Crawler  
  49  4:50  Drone x2  
  52  4:57  Overlord  
  52  5:09  Queen  
  52  5:11  Drone x4  
  52  5:12  Drone  
  59  5:18  Hydralisk  
  59  5:19  Hydralisk  
  63  5:37  Extractor  
  63  5:40  Hydralisk x5  
  63  5:41  Hydralisk  
  74  5:51  Drone x6  
  74  5:52  Drone  
  81  5:58  Drone  
  82  6:08  Lurker Den  
  81  6:18  Muscular Augments  
  81  6:21  Drone  
  81  6:23  Spore Crawler  
  81  6:25  Overlord x4  
  81  6:38  Evolution Chamber  
  80  6:40  Evolution Chamber  
  79  6:50  Hydralisk  
  79  6:51  Hydralisk x8  
  97  6:58  Drone  
  97  6:59  Drone x5  
  103  7:15  Pneumatized Carapace  
  103  7:17  Overseer  
  103  7:22  Grooved Spines  
  103  7:37  Lurker x5  
  103  7:40  Lurker  
  109  7:52  Zergling x2  
  109  7:53  Zergling x8  
  109  7:56  Extractor  
  109  7:57  Extractor  
  112  8:06  Hatchery  
  111  8:17  Infestation Pit  
  110  8:29  Drone  
  110  8:30  Drone x3  
Show
View Real Time Build Order
Export as new Build Order

DoItLady Terran 

Build Orders:  

Get SALT Encoding   

  12  0:33  SCV  
  13  0:46  SCV  
  14  0:56  Supply Depot  
  14  0:57  Command Center  
  14  1:14  SCV  
  14  1:16  Refinery  
  14  1:17  Refinery  
  15  1:24  Barracks  
  15  1:51  SCV  
  16  2:11  Barracks Tech Lab, Supply Depot  
  16  2:12  Orbital Command  
  16  2:19  Orbital Command  
Show
View Real Time Build Order
Export as new Build Order

Skuff Protoss 

Build Orders:  

Get SALT Encoding   

  12  0:02  Probe  
  14  0:14  Probe  
  14  0:26  Probe  
  15  0:35  Pylon  
  15  0:40  Pylon  
  15  0:53  Probe  
  16  0:59  Pylon  
  16  1:05  Probe  
  16  1:09  Pylon  
  17  1:13  Pylon  
  17  1:21  Assimilator  
  17  1:24  Probe  
  18  1:37  Probe  
  18  1:38  Forge  
  19  1:49  Probe  
  20  1:54  Gateway  
  20  2:03  Pylon  
  20  2:13  Photon Cannon  
  20  2:19  Photon Cannon  
  20  2:22  Photon Cannon  
  20  3:07  Probe  
  21  3:19  Nexus, Probe  
  22  3:27  Assimilator  
  22  3:31  Probe  
  22  3:33  Zealot  
  25  3:43  Probe  
  26  3:55  Probe  
  26  4:00  Zealot  
  29  4:27  Zealot  
  29  4:28  Probe  
  32  4:39  Gateway  
  32  4:40  Probe  
  32  4:44  Probe  
  34  4:52  Nexus, Probe  
  35  4:55  Zealot  
  35  4:56  Probe  
  38  5:01  Gateway  
  38  5:08  Gateway  
  38  5:09  Probe  
  38  5:13  Gateway  
  39  5:15  Cybernetics Core  
  39  5:21  Probe  
  40  5:22  Zealot  
  42  5:32  Pylon  
  42  5:33  Probe  
  43  5:55  Shield Battery  
  43  5:59  Shield Battery  
  43  6:02  Shield Battery  
  43  6:05  Shield Battery  
  43  6:10  Photon Cannon  
  43  6:16  Photon Cannon  
  43  6:20  Warp Gate  
  43  6:27  Stargate  
  43  6:31  Stargate  
  43  6:33  Stargate  
  43  6:35  Probe  
  43  6:36  Stargate  
  44  6:43  Assimilator  
  44  6:47  Probe  
  45  6:59  Probe  
  46  7:04  Stalker  
  46  7:07  Stalker  
  48  7:09  Stalker  
  48  7:11  Probe, Stalker  
  59  7:23  Probe  
  59  7:27  Void Ray  
  59  7:29  Void Ray  
  68  7:31  Void Ray, Stalker  
  68  7:34  Stalker  
  68  7:35  Probe  
  68  7:37  Stalker  
  71  7:38  Stalker  
  81  7:45  Void Ray  
  81  7:48  Probe  
  82  7:58  Stalker  
  82  8:00  Probe  
  82  8:01  Stalker  
  83  8:07  Stalker  
  83  8:12  Probe  
Show
View Real Time Build Order
Export as new Build Order

Alazban Terran 

Build Orders:  

Get SALT Encoding   

  12  1:16  SCV  
  13  1:20  Refinery  
  13  1:23  Engineering Bay  
  13  1:28  SCV, Supply Depot  
  13  1:32  Supply Depot  
  14  1:40  SCV  
  15  1:52  SCV  
  16  2:04  SCV  
  17  2:16  SCV  
Tags
 
Add a new tag
Caveats
  • Supply blocks, unpowered buildings, or Contaminate may cause inaccurate times.
  • Supply counts are checked every 10 seconds.